 Dungeon Crawl Stone Soup version 0.28.0-47-ge53b351184 (webtiles) character file.

Game seed: 4664611689266309667

1013 issech the Cudgeller (level 8, -1/78 HPs)
             Began as a Troll Fighter on May 2, 2022.
             Killed by Olgreb's Toxic Radiance
             ... invoked by hawla's ghost
              (2 damage)
             ... on level 5 of the Dungeon.
             The game lasted 00:10:47 (4018 turns).

issech the Cudgeller (Troll Fighter)                Turns: 4018, Time: 00:10:48

Health: -1/78      AC:  8    Str: 31    XL:     8   Next: 1%
Magic:  7/7        EV:  9    Int:  4    God:
Gold:   153        SH:  8    Dex: 13    Spells: 7/7 levels left

rFire   . . .      SeeInvis .   r - +6 mace of the Dark Horse {drain, rElec Str+6 Dex+2}
rCold   . . .      Faith    .   c - +0 kite shield
rNeg    . . .      Spirit   .   b - +0 robe
rPois   .          Reflect  .   (helmet restricted)
rElec   +          Harm     .   (no cloak)
rCorr   .          Rampage  .   (gloves unavailable)
Will    .....                   (boots unavailable)
Stlth   ++........              (no amulet)
HPRegen 1.03/turn               y - +4 ring of protection
MPRegen 0.10/turn               (no ring)

@: lethally poisoned (-1 -> -7)
A: large, unfitting armour, claws 3, regeneration 1, shaggy fur 1, tough skin 1
a: no special abilities


You were on level 5 of the Dungeon.
You visited 1 branch of the dungeon, and saw 5 of its levels.

You collected 153 gold pieces.

Inventory:

Hand Weapons
 a - a +0 flail
 h - a +0 long sword
 o - a +0 hunting sling
 q - a +0 short sword of electrocution
 r - the +6 mace of the Dark Horse (weapon) {drain, rElec Str+6 Dex+2}
   (You found it on level 2 of the Dungeon)

   A truly terrible weapon, it drains the life of any living foe it strikes.
   Str:       It affects your strength (+6).
   Dex:       It affects your dexterity (+2).
   rElec:     It insulates you from electricity.
 v - a +3 dagger of holy wrath
Missiles
 k - 87 stones
 m - 34 bolts
 p - 55 arrows
 x - 7 boomerangs (quivered)
Armour
 b - a +0 robe (worn)
 c - a +0 kite shield (worn)
Jewellery
 y - a +4 ring of protection (left claw)
Scrolls
 e - 3 scrolls of identify {unknown}
 f - a scroll of vulnerability {unknown}
 g - a scroll of summoning {unknown}
 j - a scroll of enchant weapon {unknown}
 l - 2 scrolls of fog {unknown}
 n - 4 scrolls of magic mapping {unknown}
 s - a scroll of silence {unknown}
 A - 2 scrolls of amnesia {unknown}
Potions
 d - 3 potions of might
 i - a potion of mutation {unknown}
 t - 2 potions of attraction {unknown}
 u - 2 potions of heal wounds {unknown}
 w - a potion of curing {unknown}
 z - a potion of cancellation {unknown}
 B - a potion of brilliance {unknown}


   Skills:
 + Level 3.8 Fighting
 + Level 1.2 Long Blades
 + Level 5.2 Maces & Flails
 + Level 1.8 Throwing
 + Level 4.0 Dodging
 + Level 1.1 Stealth
 + Level 3.7 Shields


You had 7 spell levels left.
You didn't know any spells.
Your spell library contained the following spells:

 Spells                   Type           Power      Damage    Failure   Level
 Animate Skeleton         Necr           0%         N/A       80%         1
 Apportation              Tloc           0%         N/A       80%         1
 Summon Small Mammal      Summ           0%         N/A       80%         1
 Conjure Flame            Conj/Fire      0%         6-21      99%         3
 Ignite Poison            Fire/Tmut/Pois 0%         N/A       99%         3
 Sticky Flame             Conj/Fire      0%         2d3       100%        4


Dungeon Overview and Level Annotations

Branches:
Dungeon (5/15)
 Temple: D:4-7

Altars:
Yredelemnul

Annotations:
D:5 hawla's ghost, novice DrVM


Innate Abilities, Weirdness & Mutations

You are too large for most types of armour.
You have claws for hands.
Your natural rate of healing is unusually fast.
You are covered in fur. (AC +1)
You have tough skin. (AC +1)


Message History

The killer bee stings you but does no damage.
You miss the killer bee.
The killer bee is severely wounded.
You feel very sick. You block the killer bee's attack.
The killer bee barely misses you.
The killer bee stings you but does no damage.
You hit the killer bee.
The killer bee is almost dead.
You feel very sick. You block the killer bee's attack.
The killer bee stings you but does no damage.
You sock the killer bee!
You kill the killer bee!
You feel sick.
Hawla's ghost casts a spell.
Hawla's ghost begins to radiate toxic energy.
* * * LOW HITPOINT WARNING * * *
You are more poisoned.
Your Dodging skill increases to level 4!
You have reached level 8!
You feel sick.
* * * LOW HITPOINT WARNING * * *
You are more poisoned.
Hawla's ghost casts a spell at you. The sting hits you.
You are more poisoned.
* * * LOW HITPOINT WARNING * * *
You feel very sick.
* * * LOW HITPOINT WARNING * * *
You are more poisoned.
You feel very sick.
* * * LOW HITPOINT WARNING * * *
You are lethally poisoned!
* * * LOW HITPOINT WARNING * * *
You feel very sick.
* * * LOW HITPOINT WARNING * * *
You are more poisoned.
* * * LOW HITPOINT WARNING * * *
You feel very sick.
You die...

# #.# # #.###
##########>#<#
.........#.#)#####
.................#
.........#.#.###.#
.........#.#...#.#
.........#.###.#.#
..########.###.#@#
..# #.#.....# ..#
#####.#'#...# ..#
#...........#
..####.....>....W##
..'..'............#
..####..........#†##
..# #.....######..#
..# #.....# §§#...#


You could see hawla's ghost (toxic aura).

Vanquished Creatures
  2 ogres (D:5)
  A black bear (D:4)
  A phantom (D:5)
  A wyvern zombie (D:4)
  A scorpion (D:5)
  2 water moccasin zombies (D:5)
  A killer bee (D:5)
  2 howler monkeys
  A jelly (D:5)
  An orc priest (D:3)
  3 iguanas (D:5)
  3 orc wizards
  3 adders
  14 orcs
  6 ball pythons
  4 bats
  9 endoplasms
  A giant cockroach (D:4)
  2 goblins
  8 hobgoblins
  7 jackals
  9 kobolds
  2 quokkas (D:1)
  3 frilled lizards
  4 rats
91 creatures vanquished.

Notes
Turn   | Place    | Note
-------+----------+-------------------------------------------
     0 | D:1      | issech the Troll Fighter began the quest for the Orb.
     0 | D:1      | Reached XP level 1. HP: 22/22 MP: 0/0
   145 | D:1      | Reached XP level 2. HP: 29/29 MP: 1/1
  1012 | D:2      | Identified the +6 mace of the Dark Horse {drain, rElec
                  | Str+6 Dex+2}
  1073 | D:2      | Reached XP level 3. HP: 36/36 MP: 2/2
  1094 | D:2      | Found a faded altar of an unknown god.
  1176 | D:2      | Reached skill level 2 in Maces & Flails
  1196 | D:2      | Reached skill level 1 in Long Blades
  1626 | D:3      | Reached XP level 4. HP: 44/44 MP: 3/3
  1770 | D:3      | Reached XP level 5. HP: 41/52 MP: 4/4
  1776 | D:3      | Reached skill level 3 in Maces & Flails
  2493 | D:4      | Reached XP level 6. HP: 61/61 MP: 5/5
  3142 | D:4      | Found a basalt altar of Yredelemnul.
  3286 | D:5      | Entered Level 5 of the Dungeon
  3295 | D:5      | Reached skill level 4 in Maces & Flails
  3463 | D:5      | Reached XP level 7. HP: 67/67 MP: 6/6
  3534 | D:5      | Reached skill level 1 in Throwing
  3569 | D:5      | Reached skill level 1 in Stealth
  3792 | D:5      | Reached skill level 5 in Maces & Flails
  3834 | D:5      | Found a runed translucent door.
  3836 | D:5      | Noticed hawla's ghost (novice DrVM)
  4014 | D:5      | Reached XP level 8. HP: 21/78 MP: 7/7
  4018 | D:5      | HP: 1/78 [poisoned by hawla's ghost (toxic radiance)]
  4018 | D:5      | Killed from afar by hawla's ghost

Illustrated notes

Levels and vault maps discovered:
D:1:      minmay_arrival_widening_spiral_wide, layout_loops_ring
D:2:      minmay_diamond_boxcup, layout_basic, shapermc_ecumenical_altar_pompeii
D:3:      layout_loops_ring
D:4:      layout_basic, kennysheep_mini_moat
D:5:      layout_basic, ebering_ghost_inner_flame, kennysheep_generic_room_16

Skill      XL: |  1  2  3  4  5  6  7 |
---------------+----------------------+-----
Maces & Flails | 2 3 4 5 |  5.2
Long Blades    | 1 |  1.2
Dodging        | 3 4 |  4.0
Shields        | 3 |  3.7
Fighting       | 3 |  3.8
Throwing       | 1 |  1.8
Stealth        | 1 |  1.1

Action                   |  1- 3 |  4- 6 |  7- 9 || total
-------------------------+-------+-------+-------++-------
Melee: Long sword        |    74 |       |       ||    74
       Mace              |    31 |    97 |    50 ||   178
       Dagger            |       |     7 |       ||     7
Throw: Boomerang         |       |    11 |    11 ||    22
 Stab: Sleeping          |       |     1 |       ||     1
Armor: Robe              |    57 |    44 |    14 ||   115
Dodge: Dodged            |    47 |    49 |    21 ||   117
Block: Kite shield       |    47 |    48 |    17 ||   112
